 Dungeon Crawl Stone Soup version 0.25.1-2-g60ff931df9 (webtiles) character file.

Game seed: 13432781508074563944

1288 hawla the Chopper (level 8, 0/70 HPs)
             Began as a Hill Orc Monk on Sept 27, 2020.
             Slain by a wight
             ... wielding a +5 great sword of freezing
              (14 damage)
             ... on level 5 of the Dungeon.
             The game lasted 00:16:03 (7372 turns).

hawla the Chopper (Hill Orc Monk)                   Turns: 7372, Time: 00:16:06

Health: 0/70       AC:  6    Str: 15    XL:     8   Next: 55%
Magic:  8/8        EV: 13    Int: 10    God:
Gold:   230        SH:  0    Dex: 14    Spells: 7/7 levels left

rFire    . . .     SeeInvis .   a - +0 hand axe
rCold    + . .     Gourm    .   (no shield)
rNeg     . . .     Faith    .   t - +0 ring mail
rPois    .         Spirit   .   (no helmet)
rElec    .         Reflect  .   (no cloak)
rCorr    .         Harm     .   (no gloves)
MR       .....     Rnd*Rage +   (no boots)
Stlth    +.........             (no amulet)
HPRegen  0.21/turn              o - ring of protection from cold
MPRegen  0.11/turn              (no ring)

@: drained
A: berserk 1, shaggy fur 1
a: no special abilities


You were on level 5 of the Dungeon.
You were not hungry.

You visited 1 branch of the dungeon, and saw 6 of its levels.
You also visited: Ossuary.

You collected 230 gold pieces.

Inventory:

Hand Weapons
 a - a +0 hand axe (weapon)
 g - a +0 mace of protection
Armour
 e - a +0 scale mail
 i - a +1 pair of gloves
 k - a +0 chain mail
 t - a +0 ring mail (worn)
Jewellery
 o - a ring of protection from cold (left hand)
Wands
 r - a wand of random effects (22)
Scrolls
 b - a scroll of magic mapping
 d - 3 scrolls of teleportation
 h - 6 scrolls of identify
 m - 5 scrolls of random uselessness
 s - 3 scrolls of immolation {unknown}
 v - 2 scrolls of remove curse
 x - a scroll of fog {unknown}
Potions
 f - 3 potions of brilliance
 j - 2 potions of lignification
 l - 4 potions of mutation
 n - 2 potions of cancellation
 p - a potion of curing {unknown}
 q - 6 potions of degeneration {unknown}
 u - 3 potions of flight {unknown}
 w - a potion of berserk rage {unknown}
Comestibles
 c - 7 rations
 z - a chunk of flesh


   Skills:
 + Level 6.1(5.5) Fighting
 + Level 7.7 Axes
 + Level 4.1(5.2) Maces & Flails
 + Level 2.3(1.7) Armour
 * Level 5.6(5.0) Dodging
 - Level 1.5(1.0) Stealth


You had 7 spell levels left.
You didn't know any spells.
Your spell library contained the following spells:

 Spells                   Type           Power        Failure   Level  Hunger
 Sandblast                Erth           #.....       58%         1    ##.....
 Passwall                 Tmut/Erth      #.......     73%         2    ###....
 Stone Arrow              Conj/Erth      #.....       91%         3    ####...
 Petrify                  Tmut/Erth      #.......     100%        4    #####..
 Lee's Rapid Deconstruct  Erth           #.........   100%        5    ######.


Dungeon Overview and Level Annotations

Branches:
Dungeon (6/15)             Temple (0/1) D:5         Ossuary (visited)

Altars:
Elyvilon
Okawaru
Ru
Vehumet
Wu Jian
Xom


Innate Abilities, Weirdness & Mutations

You tend to lose your temper in combat.
You are covered in fur. (AC +1)


Message History

You feel drained. The adder zombie misses you.
The shadow imp picks up a beetle and eats it.
The shadow imp hits you. The wight completely misses you.
The adder zombie bites you but does no damage.
You climb upwards.
There is a stone staircase leading down here.
As you read the scroll labeled SARIYSMEICS, it crumbles to dust.
The dust glows mottled ochre!
It was a scroll of random uselessness.
The wight hits you with a +5 great sword of freezing.
You feel drained.
* * * LOW HITPOINT WARNING * * *
The shadow imp hits you but does no damage.
The wight barely misses you.
It was a potion of mutation.
You feel extremely strange.
You feel a little pissed off. Fur sprouts all over your body.
The shadow imp gestures at you. Pain shoots through your body!
* * * LOW HITPOINT WARNING * * *
The wight hits you with a +5 great sword of freezing!
You die...

####.#.## #.......)[[.
#....# ##...#...().
#....########..#........
###...##......####..#...
#......########.......
#..#....# ###..###...
##..<.#.## #...## ##.#
#..z....###.#######.#
###.@5..(........##.#
##.z..........##.^[..
##..#..........#####..
##..##............###..
##..###........<.#......
##..##
##.#############.#
#..### #.# #.# ##...#
#.##### #..
###.####.....# ###


You could see 2 wights and a shadow imp.

Vanquished Creatures
  Grinder (D:3)
  2 ice beasts (D:5)
  An ogre (D:6)
  2 centaurs
  2 crimson imps (D:5)
  A centaur zombie (Ossuary)
  A human zombie (Ossuary)
  An orc wizard (D:3)
  2 bullfrog skeletons
  Terence (D:3)
  Natasha (D:2)
  4 worker ants
  3 big kobold zombies (Ossuary)
  A hound skeleton (D:4)
  3 mummies (Ossuary)
  10 adders
  A howler monkey skeleton (D:4)
  3 dart slugs
  3 worms
  9 orcs
  2 giant cockroaches
  7 goblins
  5 hobgoblins
  4 jackals (D:3)
  3 quokkas
  A ball python (D:2)
  5 bats
  4 frilled lizards
  A goblin zombie (Ossuary)
  6 kobolds
  A leopard gecko skeleton (D:4)
  2 orc zombies (Ossuary)
  8 rats
101 creatures vanquished.

Notes
Turn   | Place    | Note
-------+----------+-------------------------------------------
     0 | D:1      | hawla the Hill Orc Monk began the quest for the Orb.
     0 | D:1      | Reached XP level 1. HP: 19/19 MP: 1/1
   550 | D:1      | Reached XP level 2. HP: 27/27 MP: 2/2
   673 | D:2      | Found an ornate altar of the Wu Jian Council.
   898 | D:2      | Reached XP level 3. HP: 33/33 MP: 3/3
  1460 | D:2      | Found a sacrificial altar of Ru.
  1565 | D:2      | Noticed a centaur
  1576 | D:2      | Killed a centaur
  1576 | D:2      | Reached skill level 5 in Axes
  1576 | D:2      | Reached XP level 4. HP: 11/40 MP: 4/4
  1576 | D:2      | Reached XP level 5. HP: 13/46 MP: 5/5
  1911 | D:2      | Noticed Natasha
  1927 | D:2      | Killed Natasha
  2994 | D:3      | Noticed Terence
  3025 | D:3      | Killed Terence
  3051 | D:3      | Reached XP level 6. HP: 24/53 MP: 6/6
  3577 | D:3      | Noticed Grinder
  3601 | D:3      | Paralysed by Grinder for 2 turns
  3604 | D:3      | Paralysed by Grinder for 2 turns
  3616 | D:3      | Killed Grinder
  3616 | D:3      | Reached skill level 7 in Axes
  3616 | D:3      | Reached XP level 7. HP: 14/60 MP: 7/7
  3934 | D:3      | Reached skill level 5 in Fighting
  4272 | D:3      | Found a shimmering altar of Xom.
  5411 | D:4      | Found a white marble altar of Elyvilon.
  5713 | D:5      | Entered Level 5 of the Dungeon
  5731 | D:5      | Found a sand-covered staircase.
  5740 | Ossuary  | Entered an ossuary
  5760 | Ossuary  | Reached skill level 5 in Dodging
  6044 | Ossuary  | Reached skill level 1 in Maces & Flails
  6044 | Ossuary  | Reached skill level 1 in Armour
  6270 | D:5      | Found a staircase to the Ecumenical Temple.
  6372 | D:5      | Reached XP level 8. HP: 35/70 MP: 8/8
  6810 | D:5      | Found a radiant altar of Vehumet.
  6838 | D:5      | Found an iron altar of Okawaru.
  7372 | D:5      | Gained mutation: You tend to lose your temper in combat.
                  | [potion of mutation]
  7372 | D:5      | Gained mutation: You are covered in fur. (AC +1) [potion of
                  | mutation]
  7372 | D:5      | Slain by a wight

Illustrated notes

Levels and vault maps discovered:
D:1:      wander_arrival_lonely_grave, layout_loops_ring,
          hangedman_decor_clover_reticule
D:2:      layout_basic, old_standard_altar, nicolae_ru_the_path_less_chosen,
          serial_corexii_hall, chequers_hall_statues_corner_a,
          chequers_hall_statues_corner_a, chequers_hall_statues_y,
          corexii_hall_statues_i, uniq_natasha
D:3:      layout_loops_corners, xom_butterflies, uniq_grinder, uniq_terence
D:4:      layout_basic, kennysheep_mini_moat, chequers_serial_rivers_micro_e
D:5:      minmay_diamond_boxcup, layout_rooms, lemuel_doored_altar,
          minmay_temple_entry_mini_moons, first_ration,
          lightli_ossuary_entry_decrepit_ruins, dk_vineyard_2,
          okawaru_altar_gauntlet_db
D:6:      layout_loops_ring

Skill      XL: |  1  2  3  4  5  6  7  8 |
---------------+-------------------------+-----
Dodging        | 3 4 5 |  5.6
Fighting       | 4 5 6 |  6.1
Axes           | 5 7 |  7.7
Maces & Flails | 2 4 |  4.1
Armour         | 1 2 |  2.3
Stealth        | |  1.5

Action                   |  1- 3 |  4- 6 |  7- 9 || total
-------------------------+-------+-------+-------++-------
Melee: Hand axe          |   104 |   177 |   136 ||   417
       Mace              |       |       |   229 ||   229
  Use: Scroll            |     2 |     2 |     7 ||    11
       Potion            |     2 |     1 |     2 ||     5
 Stab: Sleeping          |     3 |     3 |     3 ||     9
       Distracted        |       |     1 |       ||     1
  Eat: Chunk             |     2 |     6 |     6 ||    14
       Ration            |       |       |     2 ||     2
Armor: Robe              |    22 |    16 |       ||    38
       Skin              |       |     4 |    12 ||    16
       Ring mail         |       |       |    98 ||    98
       Leather armour    |       |       |     3 ||     3
Dodge: Dodged            |    90 |   126 |   247 ||   463
